 Dungeon Crawl Stone Soup version 0.25-a0-341-g6f074c887a (webtiles) character file.

Game seed: 5989196334147809178, levelgen mode: classic

4033 EnegeticOcto the Spear-Bearer (level 10, -8/110 HPs)
             Began as an Ogre Abyssal Knight on Dec 30, 2019.
             Was an Elder of Lugonu.
             Mangled by a crocodile (14 damage)
             ... on level 8 of the Dungeon.
             The game lasted 00:17:14 (10666 turns).

EnegeticOcto the Spear-Bearer (OgAK)               Turns: 10666, Time: 00:17:15

Health: -8/110     AC:  5    Str: 18    XL:     10   Next: 24%
Magic:  24/24      EV: 11    Int: 16    God:    Lugonu [****..]
Gold:   705        SH:  0    Dex:  8    Spells: 9/9 levels left

rFire    . . .     SeeInvis .   o - +0 trident
rCold    . . .     Gourm    .   (no shield)
rNeg     . . .     Faith    .   b - +0 robe
rPois    +         Spirit   .   (helmet restricted)
rElec    .         Reflect  .   u - +1 cloak
rCorr    .         Harm     .   (gloves unavailable)
MR       +....                  (boots unavailable)
Stlth    +.........             i - amulet of regeneration
HPRegen  0.68/turn              l - ring of magical power
MPRegen  0.19/turn              v - ring of poison resistance

@: no status effects
A: large, unfitting armour, tough skin 1
a: Depart the Abyss, Bend Space, Banish, Corrupt, Renounce Religion


You were on level 8 of the Dungeon.
You worshipped Lugonu.
Lugonu was greatly pleased with you.
You were hungry.

You visited 1 branch of the dungeon, and saw 9 of its levels.
You visited the Abyss 1 time.

You collected 705 gold pieces.

Inventory:

Hand Weapons
 o - a +0 trident (weapon)
Armour
 b - a +0 robe (worn)
 u - a +1 cloak (worn)
Jewellery
 i - an amulet of regeneration (around neck)
 l - a ring of magical power (left hand)
 v - a ring of poison resistance (right hand)
Wands
 n - a wand of acid (5)
 w - a wand of flame (17)
Scrolls
 c - 2 scrolls of fog {!r}
 d - 9 scrolls of remove curse {@r2}
 g - 4 scrolls of enchant weapon
 h - 4 scrolls of magic mapping {@r5 !r}
 j - 3 scrolls of teleportation {@r3 !r}
 k - 3 scrolls of blinking {@r4}
 t - 2 scrolls of enchant armour
Potions
 a - 2 potions of haste {unknown}
 f - 3 potions of heal wounds {unknown}
 m - 3 potions of resistance
 p - a potion of magic {unknown}
 q - 3 potions of agility {unknown}
 r - a potion of invisibility {unknown}
 s - 2 potions of brilliance
 x - a potion of ambrosia {unknown}
 A - a potion of curing {@q1 !q}
Comestibles
 e - 11 rations


   Skills:
 + Level 9.9 Fighting
 * Level 10.0 Polearms
 - Level 5.0 Dodging
 + Level 7.4 Invocations


You had 9 spell levels left.
You didn't know any spells.
Your spell library was empty.

Dungeon Overview and Level Annotations

Branches:
Dungeon (9/15)             Temple (0/1) D:5            Lair (0/6) D:9
    Orc (0/2) D:9

Altars:
Ashenzari
Cheibriados
Fedhas
Kikubaaqudgha
Nemelex Xobeh
Ru
Trog
Uskayaw
Vehumet
Wu Jian
The Shining One

Shops:
D:4 (

Annotations:
Abyss:1 Prince Ribbit


Innate Abilities, Weirdness & Mutations

You are too large for most types of armour.
You have tough skin. (AC +1)


Message History

There is an open door, spattered with blood here.
There is an open door here.
There is an open door, spattered with blood here.
Things that are here:
a +0 leather armour; a +0 dagger You are feeling hungry.
You can't go down here!
(D) Dungeon (T) Temple (L) Lair
Where to? (Enter - D:8 @ (x,y), ? - help)
There is an open door here.
There is a stone staircase leading down here.
You climb downwards.
There is a stone staircase leading up, spattered with blood here.
A crocodile comes into view.
Found a staircase to the Orcish Mines.
The hound barks!
There is a stone staircase leading up, spattered with blood here.
You completely miss the hound. The hound closely misses you.
You hit the hound.
The hound is lightly wounded.
The hound closely misses you.
You closely miss the hound.
The hound is lightly wounded.
The hound barely misses you. The hound bites you. The crocodile bites you!
The hound completely misses you.
You climb upwards.
There is a stone staircase leading down here.
You hit the crocodile but do no damage.
The crocodile bites you but does no damage.
The hound closely misses you.
You hit the crocodile.
The crocodile is lightly wounded.
The crocodile barely misses you. The hound barely misses you.
You barely miss the crocodile.
The crocodile is lightly wounded.
The hound bites you. The crocodile bites you!
You hit the crocodile.
The crocodile is lightly wounded.
The hound bites you. The crocodile bites you.
You closely miss the crocodile.
The crocodile is lightly wounded.
The hound bites you but does no damage. x2
You closely miss the crocodile.
The crocodile is lightly wounded.
The crocodile bites you! The hound bites you but does no damage.
You hit the crocodile.
The crocodile is moderately wounded.
The crocodile bites you! The hound closely misses you.
You are too injured to fight recklessly!
You are too injured to fight recklessly!
You are too injured to fight recklessly!
You are too injured to fight recklessly!
You are too injured to fight recklessly!
You hit the crocodile.
The crocodile is heavily wounded.
The hound misses you. The crocodile bites you!!
You closely miss the crocodile.
The crocodile is heavily wounded.
The hound bites you. The crocodile bites you!
You puncture the crocodile!
The crocodile is severely wounded.
The hound closely misses you. The hound bites you.
* * * LOW HITPOINT WARNING * * *
You barely miss the crocodile.
The crocodile is severely wounded.
The crocodile barely misses you. The hound bites you but does no damage.
The hound closely misses you. The hound bites you.
* * * LOW HITPOINT WARNING * * *
There is an open door here.
The hound barely misses you.
You hit the hound.
The hound is lightly wounded.
The hound bites you.
* * * LOW HITPOINT WARNING * * *
You puncture the hound!
The hound is heavily wounded.
The hound bites you.
* * * LOW HITPOINT WARNING * * *
You puncture the hound!
You kill the hound!
Lugonu accepts your kill.
Your Polearms skill increases to level 10!
You hit the crocodile.
The crocodile is almost dead.
The crocodile bites you.
* * * LOW HITPOINT WARNING * * *
You barely miss the crocodile.
The crocodile is almost dead.
The crocodile bites you!
* * * LOW HITPOINT WARNING * * *
You hit the crocodile.
The crocodile is almost dead.
The crocodile bites you!
* * * LOW HITPOINT WARNING * * *
You barely miss the crocodile.
The crocodile is almost dead.
You barely miss the crocodile.
The crocodile is almost dead.
The crocodile bites you!
You die...

###########
##############..........
#.......#....#..........
#.....>.#....#..........
#..##...#....#..........
#####...#....#..........
####t##'###..........
#...@.........#+##...
#.............#..+[[[
#.............#..#..[
#.............#..#...
#.............#.^#...
###'###+#######..#...
#........#.......#...
#........#.......#...
#........'.......'...


You could see a crocodile.

Vanquished Creatures
  A kobold demonologist (D:9)
  2 yaks (D:8)
  2 basilisks (D:8)
  A porcupine (D:8)
  2 ice beasts
  An orc warrior (D:3)
  A phantom (D:8)
  2 ogres (D:4)
  2 centaurs
  5 bullfrogs
  A water moccasin zombie (D:7)
  2 scorpions
  A water moccasin skeleton (D:7)
  8 wights (D:8)
  5 howler monkeys
  2 jellies
  A bullfrog zombie (D:7)
  A quasit (D:7)
  4 orc priests
  3 orc wizards
  4 hounds
  A bullfrog skeleton (D:4)
  2 centaur skeletons (D:4)
  5 iguanas
  6 worker ants
  Terence (D:3)
  2 hound zombies
  A hound skeleton (D:7)
  Robin (D:3)
  2 gnolls (D:2)
  7 adders
  2 shadow imps
  3 adder skeletons
  An adder zombie (D:8)
  A worm (D:4)
  2 dart slugs (D:1)
  7 leopard geckos
  22 orcs
  5 giant cockroaches
  13 goblins
  8 hobgoblins
  21 jackals
  6 quokkas
  3 ball pythons
  6 bats
  6 frilled lizards
  7 kobolds
  A leopard gecko skeleton (D:4)
  9 rats
202 creatures vanquished.

Vanquished Creatures (others)
  A yak (D:8)
  A porcupine (D:8)
  An orc warrior (D:8)
  A fungus (D:9)
  3 plants (D:9)
7 creatures vanquished.

Grand Total: 209 creatures vanquished

Notes
Turn   | Place    | Note
-------+----------+-------------------------------------------
     0 | Abyss:1  | EnegeticOcto the Ogre Abyssal Knight began the quest for
                  | the Orb.
     0 | Abyss:1  | Reached XP level 1. HP: 24/24 MP: 2/2
    44 | D:1      | Escaped the Abyss
   275 | D:1      | Reached XP level 2. HP: 32/32 MP: 3/3
   757 | D:1      | Reached skill level 3 in Polearms
   757 | D:1      | Reached XP level 3. HP: 40/40 MP: 4/4
   940 | D:2      | Found a shattered altar of Ashenzari.
   942 | D:2      | Found a hide-covered altar of Uskayaw.
   947 | D:2      | Reached ** piety under Lugonu
  1044 | D:2      | Found a glowing golden altar of the Shining One.
  1157 | D:2      | Found an ornate altar of the Wu Jian Council.
  1157 | D:2      | Found a snail-covered altar of Cheibriados.
  1279 | D:2      | Reached XP level 4. HP: 40/49 MP: 5/5
  1890 | D:2      | Reached skill level 5 in Fighting
  1929 | D:2      | Reached skill level 4 in Polearms
  2040 | D:3      | Noticed Robin
  2047 | D:3      | Reached XP level 5. HP: 57/57 MP: 6/6
  2063 | D:3      | Killed Robin
  2315 | D:3      | Noticed an orc warrior
  2435 | D:3      | Reached *** piety under Lugonu
  2660 | D:3      | Noticed Terence
  2669 | D:3      | Killed Terence
  3171 | D:4      | Reached XP level 6. HP: 48/66 MP: 8/8
  3416 | D:4      | Found Volaq's Antique Weapon Boutique.
  3491 | D:4      | Reached skill level 5 in Polearms
  3659 | D:4      | Reached XP level 7. HP: 66/75 MP: 9/9
  3828 | D:4      | Found a bloodstained altar of Trog.
  4300 | D:5      | Entered Level 5 of the Dungeon
  4318 | D:5      | Reached skill level 6 in Polearms
  4582 | D:5      | Reached **** piety under Lugonu
  4808 | D:5      | Found a staircase to the Ecumenical Temple.
  5040 | D:6      | Reached XP level 8. HP: 56/87 MP: 11/11
  5338 | D:6      | Reached skill level 7 in Polearms
  5338 | D:6      | Reached skill level 5 in Invocations
  5974 | D:7      | Found a sparkling altar of Nemelex Xobeh.
  6373 | D:7      | Reached XP level 9. HP: 93/96 MP: 13/13
  6651 | D:7      | Found a blossoming altar of Fedhas.
  6654 | D:7      | Reached skill level 8 in Polearms
  7395 | D:8      | Found a sacrificial altar of Ru.
  7398 | D:8      | Noticed Prince Ribbit
  7399 | D:8      | Banished Prince Ribbit
  8128 | D:8      | Found a radiant altar of Vehumet.
  8892 | D:3      | Reached skill level 9 in Polearms
  9382 | D:9      | Found an ancient bone altar of Kikubaaqudgha.
  9382 | D:9      | Noticed a kobold demonologist
  9385 | D:9      | Noticed a red devil
  9393 | D:9      | Noticed an ice devil
  9432 | D:9      | Noticed a red devil
  9445 | D:8      | HP: 3/98 [porcupine's spines (10)]
  9637 | D:9      | Noticed a red devil
  9737 | D:9      | Noticed a sun demon
  9740 | D:9      | Killed a kobold demonologist
  9740 | D:9      | Reached XP level 10. HP: 34/107 MP: 15/15
  9968 | D:8      | Reached skill level 5 in Dodging
 10133 | D:9      | Found a staircase to the Lair.
 10217 | D:8      | HP: 5/109 [yak (7)]
 10633 | D:9      | Found a staircase to the Orcish Mines.
 10661 | D:8      | Reached skill level 10 in Polearms
 10664 | D:8      | HP: 5/110 [crocodile (15)]
 10666 | D:8      | Mangled by a crocodile

Levels and vault maps discovered:
D:1:      scummos_arrival_checkerplants, layout_basic
D:2:      wad_woods_tower, layout_basic, nicolae_overflow_hidden_temple,
          nicolae_overflow_crystal_walls, serial_bayou, serial_bayou_lagoon_b,
          serial_bayou_pond_e, serial_bayou_crossing, serial_bayou_pond_a
D:3:      layout_basic, uniq_terence, uniq_robin
D:4:      minmay_polygon_palace, layout_basic, bloody_trog, serial_shops, shop,
          first_ration
D:5:      layout_basic, temple_green
D:6:      layout_basic, chequers_serial_rivers_micro_a
D:7:      layout_loops_ring, nemelex_xobeh_ov_fountains_minmay,
          marbit_many_paths, serial_bayou_pond_c
D:8:      layout_gridville, kennysheep_little_box, fiery_altar_vehumet,
          uniq_prince_ribbit1
D:9:      layout_cave_pools, grunt_temple_overflow_order_and_chaos_2,
          regret_index_temple_of_mockery, kiku_gazebo_garden_becter,
          minmay_lair_entry_grove, serial_shops, shop, nrook_mini_vaults,
          lightli_wizard_tower

Skill      XL: |  1  2  3  4  5  6  7  8  9 10 |
---------------+-------------------------------+-----
Polearms       | 3 4 5 6 7 9 10 | 10.0
Fighting       | 5 6 7 8 9 |  9.9
Invocations    | 3 4 5 7 |  7.4
Dodging        | 3 4 5 |  5.0

Action                   |  1- 3 |  4- 6 |  7- 9 | 10-12 || total
-------------------------+-------+-------+-------+-------++-------
Melee: Spear             |   121 |    76 |       |       ||   197
       Trident           |       |   207 |   643 |    87 ||   937
Invok: Bend Space        |       |     1 |     1 |       ||     2
       Banish            |       |       |     2 |     2 ||     4
Evoke: Wand              |       |       |     8 |     9 ||    17
  Use: Scroll            |     3 |     1 |     7 |       ||    11
       Potion            |       |     3 |       |       ||     3
 Stab: Sleeping          |       |     1 |     1 |       ||     2
  Eat: Chunk             |     1 |     8 |    13 |     1 ||    23
       Ration            |       |       |     3 |       ||     3
Armor: Robe              |    20 |    64 |   138 |    23 ||   245
Dodge: Dodged            |    55 |   117 |   290 |    33 ||   495

Table legend:
 A = Non-vault XP
 B = Vault XP
 C = Vault XP percentage of total XP
 D = Non-vault monster count
 E = Vault monster count
 F = Vault count percentage of total count
                 A         B        C        D         E       F
            +---------+---------+-------+---------+---------+-------
      Total |    4107 |    1655 |  28.7 |     169 |      37 |  18.0
            +---------+---------+-------+---------+---------+-------
        D:1 |      34 |       0 |   0.0 |      18 |       0 |   0.0
        D:2 |      89 |      39 |  30.5 |      20 |       7 |  25.9
        D:3 |     225 |      64 |  22.1 |      27 |      11 |  28.9
        D:4 |     422 |     268 |  38.8 |      20 |       9 |  31.0
        D:5 |     303 |       0 |   0.0 |      17 |       0 |   0.0
        D:6 |     343 |       0 |   0.0 |      12 |       0 |   0.0
        D:7 |     805 |      17 |   2.1 |      23 |       1 |   4.2
        D:8 |    1360 |    1228 |  47.4 |      29 |       8 |  21.6
        D:9 |     526 |      39 |   6.9 |       3 |       1 |  25.0
            +---------+---------+-------+---------+---------+-------
